AoeStats
← Bonaparte

Oasis

507704143Analyzed
3v3 RM · 13d ago on Sep 19, 2026· 38m 5s· 6 players
Game mode
Random Map
Map size
Normal (6 player)
Population
200
Speed
Normal
Resources
Standard
Victory
Conquest
Starting age
Dark Age
Ending age
Imperial Age
RankedLock teamsTeams togetherTeam positionsShared explorationLock speedFull tech treeHidden civsTurbo modeCheats
Victory
Defeat
🇹🇷 Franks · Türkiye
1183
+13
🇨🇭 Saracens · Switzerland
1177
+14
🇫🇷 Slavs · France
1154
+14
🇫🇷 Aztecs · France
1139
-14
🇫🇷 Vietnamese · France
1132
-14
🇫🇷 Franks · France
1101
-13
Bug Spencer
10:07 Loom
11:52 Feudal Age
15:59 Castle Age
13:57 Town Watch
14:42 Double-Bit Axe
15:20 Horse Collar
17:24 Bloodlines
19:54 Husbandry
22:17 Forging
23:03 Wheelbarrow
23:22 Scale Barding Armor
25:36 Chain Barding Armor
27:10 Iron Casting
26:11 Light Cavalry
27:18 Bow Saw
27:09 Heavy Plow
30:11 Hand Cart
30:21 Hand Cart
30:35 Hand Cart
35:23 Imperial Age
34:53 Gold Mining
34:54 Stone Mining
35:14 Pikeman
35:55 Squires
36:00 Scale Mail Armor
37:10 Blast Furnace
36:46 Plate Barding Armor
35:43 Elite Boyar
36:49 Conscription
36:31 Capped Ram
38:24 Plate Barding Armor
Vuki
5:05 Loom
10:21 Feudal Age
11:48 Double-Bit Axe
14:01 Forging
20:59 Castle Age
19:03 Gold Mining
22:10 Bow Saw
24:38 Wheelbarrow
25:34 Scale Barding Armor
27:16 Husbandry
28:17 Elite Skirmisher
31:57 Hand Cart
31:49 Fletching
32:35 Iron Casting
33:51 Ballistics
36:40 Imperial Age
36:29 #83
36:57 Cavalier
37:40 Padded Archer Armor
the Puchu
7:21 Loom
10:08 Feudal Age
12:16 Double-Bit Axe
12:19 Horse Collar
14:16 Padded Archer Armor
14:08 Fletching
23:49 Castle Age
22:08 Padded Archer Armor
24:05 Crossbowman
24:41 Bodkin Arrow
25:36 Gold Mining
26:21 Ballistics
28:24 Bow Saw
28:16 Heavy Plow
28:34 Leather Archer Armor
34:26 Imperial Age
35:14 Bracer
34:37 Arbalester
37:52 Chemistry
38:41 Ring Archer Armor
microllax
3:38 Loom
9:45 Feudal Age
18:51 Castle Age
20:12 Husbandry
31:00 Scale Barding Armor
Bonaparte
0:29 Loom
11:41 Feudal Age
17:09 Castle Age
15:51 Double-Bit Axe
16:36 Horse Collar
18:32 Bow Saw
19:47 Wheelbarrow
19:36 Eagle Warrior
20:19 Scale Mail Armor
21:35 Arson
22:01 Gambesons
22:51 Squires
23:16 Town Watch
23:34 Gold Mining
24:39 Forging
25:06 Hand Cart
27:04 Chain Mail Armor
26:47 Pikeman
28:34 Iron Casting
28:22 Heavy Plow
30:11 Gold Shaft Mining
34:50 Stone Mining
39:08 Imperial Age
36:39 Town Patrol
Augustus Normacol
4:43 Loom
9:58 Feudal Age
16:42 Double-Bit Axe
19:29 Castle Age
17:27 Fletching
19:38 Crossbowman
21:23 Thumb Ring
23:22 Bodkin Arrow
35:22 Ballistics
37:03 Bow Saw
37:36 Elite Skirmisher
Connection lost

Rejoining the realm…

Still unreachable

The connection could not be restored.

Session expired

The server has moved on; the page needs a fresh start.